 Dungeon Crawl Stone Soup version 0.25-a0-353-ged6d54792d (webtiles) character file.

Game seed: 10493171780128978702, levelgen mode: deterministic

129 mopl the Changer (level 4, -1/22 HPs)
             Began as a Spriggan Transmuter on Jan 2, 2020.
             Slain by a centaur skeleton (6 damage)
             ... on level 4 of the Dungeon.
             The game lasted 00:07:41 (3678 turns).

mopl the Changer (Spriggan Transmuter)              Turns: 3678, Time: 00:07:41

Health: -1/22      AC:  2    Str:  7    XL:     4   Next: 88%
Magic:  7/10       EV: 21    Int: 14    God:
Gold:   158        SH:  0    Dex: 21    Spells: 1/10 levels left

rFire    . . .     SeeInvis +     - Unarmed
rCold    . . .     Gourm    .   (shield currently unavailable)
rNeg     . . .     Faith    .   (armour currently unavailable)
rPois    x         Spirit   .   (helmet currently unavailable)
rElec    .         Reflect  .   (cloak currently unavailable)
rCorr    .         Harm     .   (gloves unavailable)
MR       +....                  (boots unavailable)
Stlth    ++........             f - amulet of rage
HPRegen  0.07/turn              l - ring of protection from magic
MPRegen  0.12/turn              (no ring)

@: spider-form (expiring)
A: tiny, unfitting armour, see invisible, herbivore, slow metabolism 2
a: End Transformation, Evoke Berserk Rage


You were on level 4 of the Dungeon.
You were hungry.
You were a venomous arachnid creature.
You visited 1 branch of the dungeon, and saw 4 of its levels.

You collected 158 gold pieces.

Inventory:

Hand Weapons
 b - a -1 hunting sling (melded)
 m - a +1 dagger of electrocution
Missiles
 a - 34 arrows
 d - 30 stones (quivered)
 h - 66 sling bullets
 k - 5 boomerangs
Armour
 e - a scarf of resistance (melded)
 i - a +0 robe (melded)
Jewellery
 f - an amulet of rage (around neck)
 l - a ring of protection from magic (left front leg)
Scrolls
 g - 3 scrolls of teleportation
 j - 3 scrolls of remove curse
 n - 3 scrolls of identify
Comestibles
 c - 2 rations


   Skills:
 + Level 1.5 Fighting
 + Level 1.3 Slings
 - Level 3.0 Dodging
 * Level 3.3 Unarmed Combat
 + Level 3.5 Spellcasting
 + Level 3.7 Transmutations
 + Level 0.4 Ice Magic


You had one spell level left.
You knew the following spells:

 Your Spells              Type           Power        Failure   Level  Hunger
b - Spider Form           Tmut/Pois      #.........   50%         3    ###....
d - Ice Form              Ice/Tmut       #.......     82%         4    #####..
w - Sticks to Snakes      Tmut           ##......     19%         2    ##.....

Your spell library contained the following spells:

 Spells                   Type           Power        Failure   Level  Hunger
 Beastly Appendage        Tmut           ##....       13%         1    #......
 Blade Hands              Tmut           ##........   90%         5    ######.


Dungeon Overview and Level Annotations

Branches:
Dungeon (4/15)
 Temple: D:4-7

Altars:
Kikubaaqudgha
Ru
Trog

Shops:
D:4 }

Annotations:
D:4 1 transporter, 3 runed translucent doors, pk666's ghost, weakling DEWz


Innate Abilities, Weirdness & Mutations

You are very small and have problems with some larger weapons.
You are too small for most types of armour.
You have supernaturally acute eyesight. (SInv)
You are a herbivore.
((You cover ground extremely quickly.))
You need to consume almost no food.


Message History

You turn into a venomous arachnid creature.
Your -1 hunting sling melds into your body.
Your scarf of resistance melds into your body.
Your +0 robe melds into your body.
You feel hot and cold all over. The centaur skeleton barely misses you.
You hit the centaur skeleton but do no damage.
The centaur skeleton is severely damaged.
The centaur skeleton completely misses you.
You hit the centaur skeleton.
The centaur skeleton is severely damaged.
The centaur skeleton hits you.
* * * LOW HITPOINT WARNING * * *
You hit the centaur skeleton.
The centaur skeleton is severely damaged.
The centaur skeleton misses you.
You hit the centaur skeleton.
The centaur skeleton is almost destroyed.
Your transformation is almost over.
The centaur skeleton hits you.
You die...

#..∩..# #....#
#.....#########.#
#.....#.........#
######.....#.........####.#
...........+..............#
#####.....#....#########.#
#<......#+.#.......#
#..#.......#W..#...#
#..#.#.##s.+l.#.#..#.
°#©...#...Z.+S....!.#..
○°#.....#.#..+..#.# .#..
○○°###......(.#...#...#..


°○○○ ...# ...#...... ##### #...##...###### #.. ##... ... #. #(## .# You could
see pk666's ghost, an adder, a leopard gecko and a centaur skeleton.

Vanquished Creatures
  3 adders
  An ooze (D:3)
  A worm (D:3)
  4 leopard geckos
  3 orcs (D:3)
  2 giant cockroaches (D:1)
  6 goblins
  8 hobgoblins
  4 jackals
  A quokka (D:2)
  A ball python (D:1)
  4 bats
  5 frilled lizards
  9 kobolds
  8 rats
60 creatures vanquished.

Vanquished Creatures (collateral kills)
  3 adders (D:2)
  A worm (D:2)
4 creatures vanquished.

Grand Total: 64 creatures vanquished

Notes
Turn   | Place    | Note
-------+----------+-------------------------------------------
     0 | D:1      | mopl the Spriggan Transmuter began the quest for the Orb.
     0 | D:1      | Reached XP level 1. HP: 9/9 MP: 5/5
   403 | D:1      | Reached skill level 1 in Fighting
   425 | D:1      | Reached XP level 2. HP: 14/14 MP: 6/6
   427 | D:1      | Reached skill level 3 in Transmutations
   437 | D:1      | Learned a level 2 spell: Sticks to Snakes
   631 | D:1      | Reached skill level 3 in Spellcasting
  1124 | D:2      | Reached XP level 3. HP: 8/18 MP: 3/8
  1355 | D:2      | Learned a level 3 spell: Spider Form
  1501 | D:2      | Reached skill level 3 in Unarmed Combat
  1557 | D:2      | Found an ancient bone altar of Kikubaaqudgha.
  1776 | D:2      | Found a sacrificial altar of Ru.
  2167 | D:2      | Reached XP level 4. HP: 19/22 MP: 9/9
  2195 | D:2      | Learned a level 4 spell: Ice Form
  2334 | D:2      | Found a bloodstained altar of Trog.
  2931 | D:3      | Reached skill level 1 in Slings
  3632 | D:4      | Found a transporter.
  3632 | D:4      | Found Sixukod's Gadget Boutique.
  3655 | D:4      | Noticed pk666's ghost (weakling DEWz)
  3658 | D:4      | Found a runed translucent gate.
  3658 | D:4      | Found a runed translucent gate.
  3658 | D:4      | Found a runed translucent gate.
  3678 | D:4      | Slain by a centaur skeleton

Levels and vault maps discovered:
D:1:      eino_arrival_druids_welcome, layout_loops_cross, grunt_decor_cap,
          minmay_pentomino_v4
D:2:      minmay_angry_zag, layout_basic, lemuel_round_altar,
          lightli_temple_of_fire, lemuel_round_altar
D:3:      kennysheep_big_flooded_room, layout_basic
D:4:      gammafunk_cloud_chamber, layout_basic, kennysheep_mini,
          vehumet_crystals, minmay_temple_entry_tees, gammafunk_ghost_split,
          serial_shops, shop, first_ration, uniq_robin, uniq_sigmund

Skill      XL: |  1  2  3  4 |
---------------+-------------+-----
Fighting       | 1 |  1.5
Transmutations | 3 |  3.7
Spellcasting   | 3 |  3.5
Unarmed Combat | 3 |  3.3
Slings         | 1 |  1.3
Dodging        | |  3.0
Ice Magic      | |  0.4

Action                   |  1- 3 |  4- 6 || total
-------------------------+-------+-------++-------
Melee: Unarmed           |    47 |    16 ||    63
       Kick              |     3 |       ||     3
       Headbutt          |     2 |       ||     2
 Fire: Hunting sling     |   117 |    86 ||   203
Throw: Stone             |     1 |       ||     1
 Cast: Beastly Appendage |     6 |       ||     6
       Sticks to Snakes  |     5 |     1 ||     6
       Spider Form       |     1 |     5 ||     6
 Abil: Evoke Berserk Rag |     2 |       ||     2
       End Transformatio |       |     2 ||     2
  Use: Scroll            |     6 |       ||     6
       Potion            |     2 |       ||     2
  Eat: Ration            |     1 |       ||     1
Armor: Robe              |     6 |     1 ||     7
       Skin              |     1 |       ||     1
Dodge: Dodged            |   104 |    25 ||   129

Table legend:
 A = Non-vault XP
 B = Vault XP
 C = Vault XP percentage of total XP
 D = Non-vault monster count
 E = Vault monster count
 F = Vault count percentage of total count
                 A         B        C        D         E       F
            +---------+---------+-------+---------+---------+-------
      Total |     167 |      18 |   9.7 |      55 |       9 |  14.1
            +---------+---------+-------+---------+---------+-------
        D:1 |      27 |       3 |  10.0 |      16 |       2 |  11.1
        D:2 |      72 |      12 |  14.3 |      20 |       5 |  20.0
        D:3 |      68 |       3 |   4.2 |      19 |       2 |   9.5
            +---------+---------+-------+---------+---------+-------
